 Dungeon Crawl Stone Soup version 0.20.0-15-g7f486f2 (webtiles) character file.

301 Jacklodocus the Chiller (level 6, -4/41 HPs)
             Began as a Merfolk Ice Elementalist on June 27, 2017.
             Was an Initiate of Okawaru.
             Shot with an arrow by a centaur (9 damage)
             ... on level 4 of the Dungeon.
             The game lasted 00:11:44 (4787 turns).

Jacklodocus the Chiller (Merfolk Ice Elementalist)  Turns: 4787, Time: 00:11:44

Health: -4/41      AC:  7    Str:  9    XL:     6   Next: 37%
Magic:  9/9        EV: 12    Int: 14    God:    Okawaru [......]
Gold:   198        SH:  0    Dex: 16    Spells: 5/9 levels left

rFire    . . .     SeeInvis .   u - +3 short sword
rCold    . . .     Gourm    .   (no shield)
rNeg     . . .     Faith    .   m - +0 leather armour
rPois    .         Spirit   .   p - +2 hat
rElec    .         Reflect  .   (no cloak)
rCorr    .         Harm     .   (no gloves)
MR       .....                  (no boots)
Stlth    ++........             (no amulet)
Regen    0.2/turn               (no ring)
MPRegen  0.2/turn               (no ring)

@: no status effects
A: change form in water, swift swim, stealthy swim, slimy green scales 1
a: Renounce Religion


You were on level 4 of the Dungeon.
You worshipped Okawaru.
Okawaru was noncommittal.
You were not hungry.

You visited 1 branch of the dungeon, and saw 4 of its levels.

You collected 198 gold pieces.


Innate Abilities, Weirdness & Mutations

You revert to your normal form in water.
You are very nimble and swift while swimming.
You are very stealthy in the water. (Stealth+)
You are partially covered in slimy green scales. (AC +2)


   Skills:
 - Level 2.6 Dodging
 - Level 2.1 Stealth
 - Level 2.0 Spellcasting
   Level 0.7 Conjurations
 + Level 7.6 Ice Magic


You had 5 spell levels left.
You knew the following spells:

 Your Spells              Type           Power        Failure   Level  Hunger
o - Ozocubu's Armour      Chrm/Ice       ##......     21%         3    ####...
z - Freeze                Ice            ###.         1%          1    ##.....

Inventory:

Hand Weapons
 g - a +0 dagger
 u - a +3 short sword (weapon)
Missiles
 d - 75 stones (quivered)
Armour
 m - a +0 leather armour (worn)
 p - a +2 hat (worn)
Scrolls
 a - a scroll of enchant weapon {unknown}
 e - 2 scrolls of fog {unknown}
 f - a scroll of identify {unknown}
 j - a scroll of amnesia {unknown}
 l - a scroll of blinking {unknown}
 q - 2 scrolls of immolation {unknown}
 r - a scroll of teleportation {unknown}
 s - 2 scrolls of magic mapping {unknown}
 x - a scroll of fear {unknown}
 y - a scroll of enchant armour {unknown}
 B - a scroll of remove curse {unknown}
Potions
 c - 2 potions of lignification {unknown}
 h - a potion of mutation {!q}
 i - 2 potions of magic {unknown}
 k - 5 potions of curing {@q1}
 n - 2 potions of invisibility {unknown}
 o - 2 potions of degeneration {unknown}
 t - 2 potions of heal wounds {unknown}
 v - a potion of flight {unknown}
 w - 2 potions of brilliance {unknown}
 A - a potion of berserk rage {unknown}
Books
 b - a book of Frost

   Spells                             Type                      Level
   a - Freeze                         Ice                          1
   b - Throw Frost                    Conjuration/Ice              2
   c - Ozocubu's Armour               Charms/Ice                   3
   d - Throw Icicle                   Conjuration/Ice              4
   e - Summon Ice Beast               Ice/Summoning                4
 C - a book of Frost

   Spells                             Type                      Level
   a - Freeze                         Ice                          1
   b - Throw Frost                    Conjuration/Ice              2
   c - Ozocubu's Armour               Charms/Ice                   3
   d - Throw Icicle                   Conjuration/Ice              4
   e - Summon Ice Beast               Ice/Summoning                4
Comestibles
 z - a meat ration {@e1}

Dungeon Overview and Level Annotations

Branches:
Dungeon (4/15)
 Temple: D:4-7

Altars:
Dithmenos
Elyvilon
Fedhas
Okawaru
Uskayaw
Zin

Annotations:
D:4 Grinder

##..#.##.#...#▒
##...#.#.......▒
##.#....#<.#...#▒
#.##.......##.##▒
##.##...........▒ #
##.#.........##▒
#.#.######.#..####### ▒
#.....(...........# ▒
###.##@#####..###.####▒
#(# #....%...).▒ #.#
##.###.####▒ #c# #.#
#.# ▒ #.# #.# #.# ▒ ...
..# #.####▒ #.# ###
#....>▒ #5# #####.▒ #.#
#.▒


You could see Grinder and a centaur.


Message History

You now have 192 gold pieces (gained 16).
You see here a robe.
You now have 198 gold pieces (gained 6).
Found a scroll labeled DUDETS JUHUN and a puce potion.
c - 2 red potions
Found a scroll labeled VEURIO DESIAWN.
i - 2 puce potions (gained 1)
q - 2 scrolls labeled DUDETS JUHUN (gained 1)
B - a scroll labeled VEURIO DESIAWN Your icy armour starts to melt.
Your icy armour evaporates.
A centaur comes into view.
The centaur shouts!
The centaur wields a shortbow.
The centaur shoots an arrow.
The arrow hits you!
You see here an arrow.
The centaur shoots an arrow.
The arrow hits you.
You see here an arrow.
The centaur shoots an arrow.
The arrow hits you!
* * * LOW HITPOINT WARNING * * *
The centaur shoots an arrow.
The arrow hits you.
* * * LOW HITPOINT WARNING * * *
You see here 2 arrows.
Grinder comes into view.
Grinder shouts!
The centaur shoots an arrow.
The arrow hits you.
* * * LOW HITPOINT WARNING * * *
Found 11 gold pieces.
You see here 2 arrows.
The centaur shoots an arrow.
The arrow hits you!
You die...

Skill      XL: |  1  2  3  4  5 |
---------------+----------------+-----
Ice Magic      | 4 5 6 7 |  7.6
Dodging        | |  2.6
Stealth        | |  2.1
Spellcasting   | |  2.0
Conjurations   | |  0.7

Action                   |  1- 3 |  4- 6 || total
-------------------------+-------+-------++-------
Melee: Unarmed           |     9 |       ||     9
       Dagger            |    69 |    66 ||   135
       Short sword       |       |    75 ||    75
Throw: Stone             |    28 |     5 ||    33
 Cast: Freeze            |    33 |    62 ||    95
       Ozocubu's Armour  |       |     4 ||     4
  Use: Potion            |       |     3 ||     3
 Stab: Sleeping          |     3 |     5 ||     8
  Eat: Chunk             |     2 |    13 ||    15
Armor: Robe              |     4 |       ||     4
       Leather armour    |    10 |    81 ||    91
Dodge: Dodged            |    86 |   119 ||   205

Vault maps used:
D:1:      erik_arrival_gehennom
D:2:      minitemple, lemuel_coloured_pillars_altar,
          nicolae_overflow_hidden_temple
D:3:      portal_sewer_entry_a, fedhas_altar_1
D:4:      nicolae_ru_path_of_blood, minivault_11, patterned_corridor,
          uniq_natasha, uniq_grinder

Notes
Turn   | Place    | Note
-------+----------+-------------------------------------------
     0 | D:1      | Jacklodocus the Merfolk Ice Elementalist began the quest for the Orb.
     0 | D:1      | Reached XP level 1. HP: 13/13 MP: 3/3
   186 | D:1      | Reached XP level 2. HP: 12/19 MP: 1/5
   421 | D:1      | Reached skill level 4 in Ice Magic
   690 | D:1      | Reached XP level 3. HP: 15/24 MP: 4/6
  1159 | D:1      | Reached skill level 5 in Ice Magic
  1452 | D:2      | Reached XP level 4. HP: 27/30 MP: 5/7
  1695 | D:2      | Found an iron altar of Okawaru.
  1977 | D:2      | Found a white marble altar of Elyvilon.
  1979 | D:2      | Found a shadowy altar of Dithmenos.
  1984 | D:2      | Learned a level 3 spell: Ozocubu's Armour
  2013 | D:2      | Became a worshipper of Warmaster Okawaru
  2149 | D:2      | Found a hide-covered altar of Uskayaw.
  2499 | D:2      | Found a glowing silver altar of Zin.
  2633 | D:3      | Reached skill level 6 in Ice Magic
  2717 | D:3      | Reached XP level 5. HP: 35/35 MP: 8/8
  2790 | D:3      | Gained mutation: Your natural rate of healing is unusually fast. [potion of mutation]
  2790 | D:3      | Lost mutation: Your natural rate of healing is unusually fast. [potion of mutation]
  2790 | D:3      | Gained mutation: You are partially covered in slimy green scales. (AC +2) [potion of mutation]
  3175 | D:3      | Found a glowing drain.
  3175 | D:3      | Found a blossoming altar of Fedhas.
  4089 | D:4      | Reached skill level 7 in Ice Magic
  4089 | D:4      | Reached XP level 6. HP: 13/41 MP: 5/9
  4467 | D:4      | Noticed Natasha
  4473 | D:4      | Killed Natasha
  4639 | D:4      | Noticed Natasha
  4645 | D:4      | Killed Natasha
  4785 | D:4      | Noticed Grinder
  4787 | D:4      | Shot with an arrow by a centaur

Vanquished Creatures
  A hound (D:3)
  An iguana (D:4)
  Natasha (twice) (D:4)
  2 worker ants
  3 adders
  4 oozes
  3 worms
  A dart slug (D:2)
  3 leopard geckos (D:1)
  2 orcs (D:3)
  4 ball pythons (D:3)
  11 bats
  6 giant cockroaches
  11 goblins
  4 hobgoblins
  11 jackals
  11 kobolds
  5 frilled lizards
  7 rats
92 creatures vanquished.
